 Dungeon Crawl Stone Soup version 0.15.0-31-geb66e34 (webtiles) character file.

119 zercules the Ruffian (level 4, 0/41 HPs)
             Began as a Troll Hunter on Sept 13, 2014.
             Slain by a worker ant (6 damage)
             ... on Level 4 of the Dungeon.
             The game lasted 00:04:15 (778 turns).

zercules the Ruffian (Troll Hunter)                  Turns: 778, Time: 00:04:15

HP   0/41        AC  5     Str 20      XL: 4   Next: 74%
MP   2/2         EV 10     Int  7      God:
Gold 45          SH  0     Dex 11      Spells:  0 memorised,  3 levels left

rFire  . . .     SeeInvis .       - Unarmed
rCold  . . .     Clarity  .     d - +0 animal skin
rNeg   . . .     rCorr    .     (shield restricted)
rPois  .         rRot     .     (helmet restricted)
rElec  .         Spirit   .     (no cloak)
SustAb .         Warding  .     (gloves unavailable)
rMut   .         Stasis   .     (boots unavailable)
Gourm  +                        (no amulet)
MR     .....                    (no ring)
                                (no ring)

@: lethally poisoned, not resistant to hostile enchantments, very unstealthy
A: unfitting armour, claws 3, fast metabolism 3, gourmand, regeneration 2,
saprovore 2, shaggy fur 1, tough skin 2
a: no special abilities


You were on level 4 of the Dungeon.
You were very full.

You visited 1 branch of the dungeon, and saw 4 of its levels.

You collected 45 gold pieces.


Innate Abilities, Weirdness & Mutations

You are too large for most types of armour.
You have claws for hands.
Your metabolism is lightning-fast.
You like to eat raw meat.
You heal very quickly.
You can eat rotten meat.
You are covered in fur (AC +1).
You have very tough skin (AC +2).


   Skills:
 - Level 1.5 Fighting
 - Level 3.6 Throwing
 - Level 1.5 Dodging
 - Level 0.4 Stealth
 + Level 4.6 Unarmed Combat


You had 3 spell levels left.
You didn't know any spells.

Dungeon Overview and Level Annotations

Branches:
Dungeon (4/15)
 Temple: D:4-7

Altars:

Inventory:

Missiles
 b - 3 large rocks (quivered)
 c - 2 throwing nets
Armour
 d - a +0 animal skin (worn)
Magical devices
 k - a wand of paralysis (15) {unknown}
Comestibles
 a - 2 meat rations
 h - a royal jelly {!e}
 l - 2 bread rations
 m - a rotting chunk of giant newt flesh {@w1}
 n - a rotting chunk of hound flesh {@w1}
Scrolls
 e - 2 scrolls of identify {unknown}
 g - a scroll of magic mapping {unknown}
Potions
 f - 2 potions of curing {unknown}
 j - a potion of brilliance {unknown}

######...## #
###..## ... # #...##
##... #....####.....
#..............
#.........#
#.......### #..
#......#####......
###
#.......%@a.......
...
....#..>...........#
...
..#.###..........#.
#.. .....
###.....#### . ....#
....### ... ...###
.#..# ...# ##.


You could see a worker ant.


Message History

No target in view!
A worm comes into view.
A worm is nearby!
You claw the worm!
The worm is moderately wounded.
You claw the worm!
The worm is heavily wounded.
The worm closely misses you.
You completely miss the worm.
The worm is moderately wounded.
You scratch the worm.
The worm is heavily wounded.
The worm bites you but does no damage.
You scratch the worm but do no damage.
The worm is heavily wounded.
You claw the worm!
The worm is severely wounded.
The worm closely misses you.
You claw the worm!
You kill the worm!
No target in view!
You see here a worm corpse.
Found 10 arrows.
Found a stone staircase leading down.
A giant cockroach comes into view.
No target in view!
A worker ant comes into view.
The giant cockroach closely misses you. The giant cockroach barely misses you.
You scratch the giant cockroach.
You kill the giant cockroach!
You see here a giant cockroach corpse.
The worker ant bites you! The worker ant bites you.
You closely miss the worker ant.
The worker ant bites you but does no damage.
You closely miss the worker ant. The worker ant bites you.
You scratch the worker ant.
The worker ant is lightly wounded.
The worker ant bites you.
You are poisoned.
The worker ant poisons you!
You scratch the worker ant.
The worker ant is moderately wounded.
You feel sick. The worker ant bites you.
You barely miss the worker ant.
The worker ant is moderately wounded.
You feel sick. The worker ant completely misses you.
You scratch the worker ant.
The worker ant is heavily wounded.
The worker ant bites you!
* * * LOW HITPOINT WARNING * * *
You are more poisoned.
The worker ant poisons you!
Throwing (i - inventory. (,) - cycle):
b - 5 large rocks (quivered)
Aim: a worker ant (heavily wounded)
You throw a large rock. The large rock hits the worker ant.
The worker ant is severely wounded.
You feel sick. The worker ant closely misses you.
Throwing (i - inventory. (,) - cycle):
b - 4 large rocks (quivered)
Aim: a worker ant (severely wounded)
You throw a large rock. The large rock hits the worker ant.
The worker ant is severely wounded.
You feel sick. The worker ant bites you.
* * * LOW HITPOINT WARNING * * *
You are lethally poisoned!
The worker ant poisons you!
You scratch the worker ant but do no damage.
The worker ant is severely wounded.
* * * LOW HITPOINT WARNING * * *
You feel sick. The worker ant bites you.
You die...

Action                   |  1- 3 |  4- 6 || total
-------------------------+-------+-------++-------
Melee: Unarmed           |    83 |    32 ||   115
Throw: Large rock        |       |     2 ||     2
  Eat: Chunk             |     8 |     4 ||    12

Vault maps used:
D:1:      dpeg_arrival_signposts
D:2:      grunt_temple_overflow_growth_and_decay, uniq_sigmund
D:3:      lemuel_doored_altar, first_bread, kennysheep_generic_room_9
D:4:      makhleb_heckhound_becter, overflow_temple_1_default,
          lemuel_crystal_altar

Notes
Turn   | Place    | Note
--------------------------------------------------------------
     0 | D:1      | zercules, the Troll Hunter, began the quest for the Orb.
     0 | D:1      | Reached XP level 1. HP: 19/19 MP: 1/1
   124 | D:1      | Reached skill level 2 in Unarmed Combat
   136 | D:1      | Reached XP level 2. HP: 21/27 MP: 1/1
   293 | D:2      | Reached skill level 3 in Unarmed Combat
   293 | D:2      | Reached XP level 3. HP: 33/33 MP: 2/2
   383 | D:3      | Reached skill level 4 in Unarmed Combat
   383 | D:3      | Reached XP level 4. HP: 27/41 MP: 2/2
   777 | D:4      | HP: 7/41 [worker ant (4)]
   778 | D:4      | Slain by a worker ant

Vanquished Creatures
  A hound (D:4)
  An orc wizard (D:3)
  An adder (D:2)
  A worm (D:4)
  A giant mite (D:2)
  A giant gecko (D:1)
  3 orcs (D:3)
  2 bats
  6 goblins
  3 hobgoblins
  3 kobolds
  A giant cockroach (D:4)
  5 giant newts
  6 jackals
  3 rats
38 creatures vanquished.
